 Dungeon Crawl Stone Soup version 0.31-a0-188-g5e087ee2ca (webtiles) character file.

Game seed: 17518932367502750073

767 qw the Skirmisher (level 7, 0/40 HPs)
             Began as a Deep Elf Hunter on June 23, 2023.
             Was an Initiate of Okawaru.
             Slain by a red devil
             ... wielding a +0 trident
             ... summoned by a kobold demonologist
              (11 damage)
             ... on level 5 of the Dungeon.
             The game lasted 00:01:39 (3368 turns).

qw the Skirmisher (Deep Elf Hunter)                 Turns: 3368, Time: 00:01:39

Health: 0/40       AC: 11    Str:  9      XL:     7   Next: 52%
Magic:  7/9        EV: 11    Int: 17 (20) God:    Okawaru [......]
Gold:   183        SH:  0    Dex: 17      Spells: 6/6 levels left

rFire   . . .        Y - +2 shortbow
rCold   . . .        (shield currently unavailable)
rNeg    + . .        g - +0 scale mail
rPois   .            h - +2 hat
rElec   .            (no cloak)
rCorr   .            b - +0 pair of gloves
SInv    +            (no boots)
Will    .....        (no amulet)
Stlth   ++           a - ring of see invisible
HPRegen 0.26/turn    j - ring "Pekhlo" {rN+ Int+2}
MPRegen 0.11/turn

%: clarity
@: heroic, spiked
A: clarity, clever 1
a: Renounce Religion


You were on level 5 of the Dungeon.
You worshipped Okawaru.
Okawaru was noncommittal.
You visited 2 branches of the dungeon, and saw 6 of its levels.

You collected 183 gold pieces.


Innate Abilities, Weirdness & Mutations

You possess an exceptional clarity of mind.
Your mind is acute. (Int +4, Str/Dex -1)


   Skills:
 - Level 2.0(7.0) Fighting
 + Level 11.1(16.1) Ranged Weapons
 - Level 1.8(6.8) Armour
 - Level 3.0(8.0) Dodging
 - Level 1.2(6.2) Stealth
 - Level 1.2 Invocations


You had 6 spell levels left.
You didn't know any spells.
Your spell library was empty.

Inventory:

Hand Weapons
 Y - a +2 shortbow (weapon)
Armour
 b - a +0 pair of gloves (worn)
 d - a +1 robe of fire resistance
 g - a +0 scale mail (worn)
 h - a +2 hat (worn)
Jewellery
 a - a ring of see invisible (left hand)
 j - the ring "Pekhlo" (right hand) {rN+ Int+2}
   (You found it on level 2 of the Dungeon)

   [ring of positive energy]

   Int:       It affects your intelligence (+2).
   rN:        It protects you from negative energy.
Scrolls
 c - a scroll of vulnerability {unknown}
 l - 2 scrolls of identify
 m - a scroll of teleportation {unknown}
Potions
 e - a potion of enlightenment {unknown}
 f - a potion of mutation {unknown}
 i - a potion of curing
 k - a potion of haste {unknown}

Dungeon Overview and Level Annotations

Branches:
Dungeon (5/15)             Temple (1/1) D:4

Altars:
Cheibriados
Dithmenos
Elyvilon
Fedhas
Gozag
Hepliaklqana
Nemelex Xobeh
Okawaru
Qazlal
Ru
Sif Muna
Trog
Vehumet
Wu Jian
Yredelemnul

Annotations:
D:2 1 runed translucent door, Crazy Yiuf


Message History

The arrow barely misses the kobold demonologist.
The kobold demonologist gestures wildly while chanting.
3360 ||| INVOKING Heroism.
You gain the combat prowess of a mighty hero.
You can no longer gain great but temporary skills.
The kobold demonologist hits you but does no damage.
You shoot an arrow.
The arrow closely misses the kobold demonologist.
The kobold demonologist hits you but does no damage.
You shoot an arrow. The arrow hits the kobold demonologist.
The kobold demonologist is moderately wounded.
The red devil hits you from afar with a +0 trident!
Barbed spikes become lodged in your body.
The kobold demonologist hits you with a +0 dagger.
You shoot an arrow. The arrow hits the kobold demonologist!
The kobold demonologist is heavily wounded.
The red devil hits you from afar with a +0 trident!
Barbed spikes become lodged in your body.
The kobold demonologist closely misses you.
You shoot an arrow. The arrow hits the kobold demonologist.
The kobold demonologist is heavily wounded.
The red devil hits you but does no damage.
The kobold demonologist gestures wildly while chanting.
You shoot an arrow. The arrow hits the kobold demonologist!
The kobold demonologist is almost dead.
The red devil closely misses you.
The kobold demonologist closely misses you.
You shoot an arrow.
The arrow hits the kobold demonologist but does no damage.
The kobold demonologist is almost dead.
The red devil completely misses you.
The kobold demonologist hits you but does no damage.
You shoot an arrow.
The arrow misses the kobold demonologist.
The red devil completely misses you.
The kobold demonologist hits you but does no damage.
You shoot an arrow. The arrow hits the kobold demonologist.
The kobold demonologist is almost dead.
The red devil hits you from afar with a +0 trident!
You die...

####### #......
......5 #......
......K########
.....45@......#
.....5#.......#
..... #.......#
##.# #.......#
# ##..#####
#.## #.# #.#
#.#


You could see a kobold demonologist, a red devil (summoned), a crimson imp
(summoned), a shadow imp (summoned) and an ufetubus (summoned).

Vanquished Creatures
  A water moccasin (D:5)
  2 black bears (D:4)
  A phantom (D:4)
  A scorpion (D:4)
  A jelly (D:4)
  An orc priest (D:3)
  A gnoll bouda (D:5)
  A sleepcap (D:5)
  4 adders
  10 gnolls
  3 worms
  6 dart slugs
  6 orcs
  8 ball pythons
  4 bats
  2 endoplasms
  3 giant cockroaches (D:1)
  5 goblins
  2 hobgoblins
  13 jackals
  5 kobolds
  8 quokkas
  A frilled lizard (D:1)
  3 rats
92 creatures vanquished.

Notes
Turn   | Place    | Note
-------+----------+-------------------------------------------
     0 | D:1      | qw the Deep Elf Hunter began the quest for the Orb.
     0 | D:1      | Reached XP level 1. HP: 12/12 MP: 3/3
     0 | D:1      | 0 ||| qw: Version: 0.3-a-9-g12657ce
     0 | D:1      | 0 ||| qw: Game counter: 3841
     0 | D:1      | 0 ||| qw: Always use a shield: true
     0 | D:1      | 0 ||| qw: God list: Okawaru
     0 | D:1      | 0 ||| qw: Allow faded altars: false
     0 | D:1      | 0 ||| qw: Do Orc after D:15 true
     0 | D:1      | 0 ||| qw: Do second Lair branch before Depths: true
     0 | D:1      | 0 ||| qw: Lair rune preference: random
     0 | D:1      | 0 ||| qw: Plans: Normal
     0 | D:1      | 0 ||| PLANNING D:1-11
   152 | D:1      | Reached skill level 6 in Ranged Weapons
   152 | D:1      | Reached XP level 2. HP: 16/16 MP: 4/4
   224 | D:1      | 224 ||| Stepping ~*~*~tactically~*~*~ (outnumbered).
   291 | D:1      | Reached XP level 3. HP: 20/20 MP: 5/5
   451 | D:1      | 451 ||| UPGRADING to +1 robe of fire resistance.
   461 | D:1      | 461 ||| DROPPING ring of wizardry.
   462 | D:1      | 462 ||| READING scroll labelled RUJACK KIEBAM.
   463 | D:1      | 463 ||| DROPPING scroll of butterflies.
   522 | D:2      | 522 ||| FLEEEEING.
   602 | D:2      | Reached skill level 7 in Ranged Weapons
   658 | D:2      | Found a radiant altar of Vehumet.
  1101 | D:2      | Reached XP level 4. HP: 25/25 MP: 6/6
  1156 | D:2      | Identified the ring "Pekhlo" {rN+ Int+2}
  1469 | D:2      | Found a runed translucent door.
  1470 | D:2      | Noticed Crazy Yiuf
  1473 | D:2      | 1473 ||| UPGRADING to ring of see invisible.
  1474 | D:2      | 1474 ||| UPGRADING to ring "Pekhlo" {rN+ Int+2}.
  1475 | D:2      | 1475 ||| READING scroll labelled TEATACLUEHA.
  1476 | D:2      | 1476 ||| READING scroll labelled UVEZXEFEGA.
  1477 | D:2      | 1477 ||| READING scroll labelled OPTUEG JEDULE.
  1479 | D:2      | 1479 ||| Stepping ~*~*~tactically~*~*~ (cloud).
  1484 | D:2      | HP: 6/25 [poisoned by you (poison gas)]
  1812 | D:3      | Reached skill level 8 in Ranged Weapons
  1946 | D:3      | Reached skill level 3 in Dodging
  2142 | D:3      | Reached XP level 5. HP: 29/29 MP: 7/7
  2288 | D:3      | 2288 ||| UPGRADING to +0 pair of gloves.
  2293 | D:3      | 2293 ||| DROPPING +0 leather armour.
  2294 | D:3      | 2294 ||| UPGRADING to +0 scale mail.
  2304 | D:3      | 2304 ||| UPGRADING to +2 hat.
  2309 | D:3      | 2309 ||| DRINKING 2 fuming green potions.
  2350 | D:4      | Found a staircase to the Ecumenical Temple.
  2351 | D:4      | 2351 ||| PLANNING TEMPLE
  2357 | D:4      | Noticed a black bear
  2363 | D:4      | Killed a black bear
  2364 | D:4      | Reached skill level 9 in Ranged Weapons
  2364 | D:4      | Reached XP level 6. HP: 27/34 MP: 8/8
  2369 | D:4      | 2369 ||| FLEEEEING.
  2377 | D:4      | 2377 ||| STAIRDANCE
  2399 | Temple   | Entered the Ecumenical Temple
  2460 | Temple   | 2460 ||| PLANNING OKAWARU WORSHIP
  2501 | Temple   | Became a worshipper of Warmaster Okawaru
  2502 | Temple   | 2502 ||| PLANNING D:1-11
  2547 | D:4      | Reached skill level 1 in Armour
  2785 | D:4      | Reached * piety under Okawaru
  2786 | D:4      | Reached skill level 10 in Ranged Weapons
  2786 | D:4      | Reached XP level 7. HP: 38/40 MP: 9/9
  2889 | D:4      | Identified the +1 dagger of Puag {antimagic, Fly}
  2923 | D:4      | 2923 ||| READING scroll of enchant weapon.
  2923 | D:4      | 2923 ||| ENCHANTING +1 shortbow.
  2973 | D:4      | 2973 ||| Stepping ~*~*~tactically~*~*~ (outnumbered).
  3057 | D:4      | 3057 ||| READING 2 scrolls labelled BUSHRA KODEGA.
  3058 | D:4      | 3058 ||| DROPPING scroll of amnesia.
  3087 | D:5      | Entered Level 5 of the Dungeon
  3103 | D:5      | 3103 ||| Stepping ~*~*~tactically~*~*~ (outnumbered).
  3106 | D:5      | Reached skill level 1 in Invocations
  3106 | D:5      | 3106 ||| Stepping ~*~*~tactically~*~*~ (outnumbered).
  3114 | D:5      | 3114 ||| INVOKING Heroism.
  3174 | D:5      | 3174 ||| INVOKING Heroism.
  3179 | D:5      | Reached skill level 11 in Ranged Weapons
  3182 | D:5      | HP: 10/40 [poisoned by a water moccasin]
  3342 | D:5      | Noticed a kobold demonologist
  3349 | D:5      | Noticed a neqoxec
  3352 | D:5      | Gained mutation: Your mind is acute. (Int +4, Str/Dex -1)
                  | [a neqoxec]
  3353 | D:5      | Gained mutation: You possess an exceptional clarity of
                  | mind. [a neqoxec]
  3360 | D:5      | Noticed a red devil
  3360 | D:5      | 3360 ||| INVOKING Heroism.
  3363 | D:5      | HP: 10/40 [red devil/+0 trident[a kobold demonologist]
                  | (10)]
  3368 | D:5      | Slain by a red devil

Levels and vault maps discovered:
D:1:      psy_arrival_fountain, layout_rooms
D:2:      layout_basic, basic_altar, uniq_crazy_yiuf_cottage
D:3:      layout_rooms
D:4:      layout_rooms, temple_statues, serial_bayou_pond_a
D:5:      layout_rooms, kennysheep_generic_room_3
Temple:   regret_index_temple_waves

Skill      XL: |  1  2  3  4  5  6  7 |
---------------+----------------------+-----
Ranged Weapons | 6 7 8 9 10 11 | 11.1
Dodging        | 3 |  3.0
Armour         | 1 |  1.8
Fighting       | 2 |  2.0
Invocations    | 1 |  1.2
Stealth        | |  1.2

Action                     |  1- 3 |  4- 6 |  7- 9 || total
---------------------------+-------+-------+-------++-------
   Fire: Shortbow          |   117 |   181 |    82 ||   380
 Invoke: Heroism           |       |       |     3 ||     3
    Use: Scroll            |     1 |     3 |     2 ||     6
         Potion            |       |     1 |       ||     1
 Armour: Leather armour    |     6 |       |       ||     6
         Robe              |     7 |     4 |       ||    11
         Scale mail        |       |    15 |    15 ||    30
  Dodge: Dodged            |    24 |    23 |    30 ||    77

Table legend:
 A = Non-vault XP
 B = Vault XP
 C = Vault XP percentage of total XP
 D = Non-vault monster count
 E = Vault monster count
 F = Vault count percentage of total count
                 A         B        C        D         E       F
            +---------+---------+-------+---------+---------+-------
      Total |    1097 |       0 |   0.0 |      92 |       0 |   0.0
            +---------+---------+-------+---------+---------+-------
        D:1 |      48 |       0 |   0.0 |      23 |       0 |   0.0
        D:2 |      58 |       0 |   0.0 |      23 |       0 |   0.0
        D:3 |     160 |       0 |   0.0 |      23 |       0 |   0.0
        D:4 |     550 |       0 |   0.0 |      14 |       0 |   0.0
        D:5 |     281 |       0 |   0.0 |       9 |       0 |   0.0
            +---------+---------+-------+---------+---------+-------
